 Dungeon Sprint DCSS version 0.31-a0-204-g7da18cac08 (webtiles) character file.

Game seed: 14868084380424777464

49 rocky1 the Poker (level 3, 0/33 HPs)
             Began as a Naga Gladiator on June 28, 2023.
             Drowned by a water elemental (5 damage)
             ... in the Dungeon (Sprint III: "The Ten Rune Challenge").
             The game lasted 00:01:03 (121 turns).

rocky1 the Poker (Naga Gladiator)                    Turns: 121, Time: 00:01:03

Health: 0/33       AC:  5    Str: 18    XL:     3   Next: 75%
Magic:  0/3        EV: 10    Int:  8    God:
Gold:   40         SH:  0    Dex: 12    Spells: 2/2 levels left

rFire   . . .        a - +0 trident
rCold   . . .        (no shield)
rNeg    . . .        b - +0 leather armour
rPois   +            c - +0 helmet
rElec   .            j - +1 cloak {Will+}
rCorr   .            (no gloves)
SInv    +            (no barding)
Will    +....        l - amulet of guardian spirit
Stlth   +            (no ring)
HPRegen 0.25/turn    (no ring)
MPRegen 0.08/turn

%: no teleportation, guardian spirit
@: engulfed (cannot breathe), hasted, quick
A: AC +1, large, see invisible, deformed body, poison resistance, slowness 2,
spit poison 1, naga tail 1, evolution 1
a: Spit Poison


You were in the Dungeon.
You visited 1 branch You collected 40 gold pieces.

Inventory:

Hand Weapons
 a - a +0 trident (weapon)
Missiles
 d - 3 throwing nets (quivered)
 e - a javelin
Armour
 b - a +0 leather armour (worn)
 c - a +0 helmet (worn)
 j - a +1 cloak of willpower (worn)
Jewellery
 l - an amulet of guardian spirit (around neck)
Scrolls
 k - a scroll of blinking
 m - a scroll of poison {unknown}
 n - 4 scrolls of identify
 o - a scroll of immolation {unknown}
Potions
 f - 2 potions of curing
 g - a potion of heal wounds
 i - 2 potions of magic
 p - 2 potions of enlightenment
 q - 6 potions of mutation


   Skills:
 + Level 2.9 Fighting
 + Level 5.3 Polearms
 + Level 2.5 Throwing
 + Level 0.4 Armour
 + Level 4.2 Dodging
 + Level 1.0 Stealth


You had 2 spell levels left.
You didn't know any spells.
Your spell library was empty.

Dungeon Overview and Level Annotations

Branches:
Dungeon (1/1)

Altars:


Innate Abilities, Weirdness & Mutations

Your serpentine skin is tough. (AC +1)
You have supernaturally acute eyesight. (SInv)
Armour fits poorly on your strangely shaped body.
Your system is resistant to poisons. (rPois)
You cover ground very slowly.
You can spit poison.
You have a snake-like lower body.
You have hidden genetic potential.


Message History

q - 5 potions of mutation (gained 2);
q - 7 potions of mutation (gained 2)
You recover from your berserk rage.
There is an open door here.
You start resting.
HP restored.
Really quaff the potion of mutation?
You feel extremely strange.
You feel a hidden potential growing inside you.
You feel yourself speed up.
You open the door.
A water elemental comes into view.
You reach to attack!
You completely miss the water elemental.
You reach to attack!
You completely miss the water elemental.
You barely miss the water elemental. The water elemental hits you!
The water elemental engulfs you in water!
You hit the water elemental.
The water elemental is lightly damaged.
Your lungs strain for air!
You closely miss the water elemental.
The water elemental is lightly damaged.
Your lungs strain for air!
The water elemental closely misses you.
You completely miss the water elemental.
The water elemental is lightly damaged.
Your lungs strain for air!
The water elemental barely misses you.
You puncture the water elemental!
The water elemental is moderately damaged.
Your lungs strain for air!
You puncture the water elemental!
The water elemental is severely damaged.
* * * LOW HITPOINT WARNING * * *
Your lungs strain for air!
The water elemental hits you.
* * * LOW HITPOINT WARNING * * *
You hit the water elemental.
The water elemental is almost destroyed.
You die...

▓▓▓▓▓▓▓▓ ▓▓▓ <..#...####
##.# ...#......#####..#
..##.......#..#..#
##.##.##...#..#..# #+#+#
##.##.###..##'#..#......
#.####.##..###..@E.⌠....
.###..##..####...#...###
#.....##..###....# ⌠.#
###..##...##.....# .#
##..##....#).....# #
#..###..##.#.....# #..#
#..#####....# ▓▓▓▓ ▓▓▓▓
▓▓▓▓▓▓


You could see a water elemental.

Vanquished Creatures
  Crazy Yiuf (D)
  A human (D)
  4 rats (D)
6 creatures vanquished.

Notes
Turn   | Place    | Note
-------+----------+-------------------------------------------
     0 | D        | rocky1 the Naga Gladiator began the quest for the Orb.
     0 | D        | Reached XP level 1. HP: 19/19 MP: 1/1
    52 | D        | Noticed Crazy Yiuf
    60 | D        | Killed Crazy Yiuf
    61 | D        | Reached skill level 4 in Polearms
    61 | D        | Reached XP level 2. HP: 24/27 MP: 2/2
    61 | D        | Reached XP level 3. HP: 29/33 MP: 3/3
    69 | D        | Reached skill level 5 in Polearms
    69 | D        | Reached skill level 1 in Stealth
   109 | D        | Gained mutation: You have hidden genetic potential. [potion
                  | of mutation]
   112 | D        | Noticed a water elemental
   121 | D        | Drowned by a water elemental

Illustrated notes

Levels and vault maps discovered:
D:        dungeon_sprint_mu [sprint_mu_entry_cave, sprint_mu_temple_rooms,
          sprint_mu_d1_horrors, sprint_mu_d2_genie, sprint_mu_d3_branching,
          sprint_mu_orc_legion, sprint_mu_elf_gauntlet, sprint_mu_hive_nellie,
          sprint_mu_lair_fedhas, sprint_mu_vaults_butterflies,
          sprint_mu_slime_circle, sprint_mu_swamp_cave, sprint_mu_shoals_kraken,
          sprint_mu_blade_basic, sprint_mu_crypt_fortress,
          sprint_mu_tomb_spiral, sprint_mu_vestibule_basic,
          sprint_mu_gehenna_hellfire, sprint_mu_dis_giant,
          sprint_mu_tartarus_statrot, sprint_mu_cocytus_islands, sprint_mu_zot1]

Skill      XL: |  1  2  3 |
---------------+----------+-----
Polearms       | 4 5 |  5.3
Throwing       | 2 |  2.5
Dodging        | 3 4 |  4.2
Stealth        | 1 |  1.0
Fighting       | |  2.9
Armour         | |  0.4

Action                     || total
---------------------------++-------
  Melee: Trident           ||    30
    Use: Potion            ||     3
   Stab: Sleeping          ||     1
 Armour: Leather armour    ||     1
  Dodge: Dodged            ||    12

Table legend: (Time is in decaauts)
 A = Elapsed time spent in this place.
 B = Non-inter-level travel time spent in this place.
 C = Inter-level travel time spent in this place.
 D = Time resting spent in this place.
 E = Time spent auto-exploring this place.
 F = Levels seen in this place.
 G = Mean time per level.
                   A        B        C        D        E       F      G
               +--------+--------+--------+--------+--------+-----+--------+
         Total |    152 |    152 |      0 |      7 |     43 |   1 |  152.0 |
       Dungeon |    152 |    152 |      0 |      7 |     43 |   1 |  152.0 |
               +--------+--------+--------+--------+--------+-----+--------+

Top non-repeatable levels by time:
       D: 152 daAuts
